 Dungeon Crawl Stone Soup version 0.27-a0-1278-g6cbc8dfb29 (webtiles) character file.

Game seed: 5300163383346948450

94 deletemesenpai the Chopper (level 4, -5/40 HPs)
             Began as a Hill Orc Fighter on June 12, 2021.
             Slain by a hornet zombie (7 damage)
             ... on level 4 of the Dungeon.
             The game lasted 00:06:18 (3083 turns).

deletemesenpai the Chopper (Hill Orc Fighter)       Turns: 3083, Time: 00:06:19

Health: -5/40      AC: 15    Str: 18    XL:     4   Next: 63%
Magic:  4/4        EV:  3    Int:  8    God:
Gold:   111        SH:  9    Dex: 11    Spells: 3/3 levels left

rFire    . . .     SeeInvis .   n - +0 hand axe
rCold    . . .     Faith    .   c - +0 kite shield
rNeg     . . .     Spirit   .   m - +0 plate armour
rPois    .         Reflect  .   (no helmet)
rElec    .         Harm     .   x - +1 cloak
rCorr    .         Rampage  .   j - +0 pair of gloves
Will     .....                  (no boots)
Stlth    ..........             (no amulet)
HPRegen  0.13/turn              (no ring)
MPRegen  0.09/turn              (no ring)

@: no status effects
A: no striking features
a: no special abilities


You were on level 4 of the Dungeon.
You visited 1 branch of the dungeon, and saw 4 of its levels.

You collected 111 gold pieces.

Inventory:

Hand Weapons
 a - a +0 war axe
 n - a +0 hand axe (weapon)
 w - a +0 fustibalus
Missiles
 g - 7 boomerangs (quivered)
Armour
 c - a +0 kite shield (worn)
 j - a +0 pair of gloves (worn)
 m - a +0 plate armour (worn)
 x - a +1 cloak (worn)
Magical Staves
 p - a staff of air
Jewellery
 l - a ring of willpower
 q - a ring of resist corrosion
Scrolls
 b - a scroll of enchant weapon {unknown}
 e - a scroll of immolation {unknown}
 h - a scroll of teleportation {unknown}
 i - a scroll of brand weapon {unknown}
 k - 2 scrolls of fog {unknown}
 o - a scroll of silence {unknown}
 s - a scroll of noise {unknown}
 u - a scroll of identify {unknown}
 y - a scroll of enchant armour {unknown}
Potions
 d - a potion of might
 f - a potion of haste {unknown}
 r - a potion of brilliance {unknown}
 t - a potion of degeneration {unknown}
 v - a potion of resistance {unknown}


   Skills:
 + Level 4.1 Fighting
 * Level 4.5 Axes
 + Level 0.1 Throwing
 + Level 3.8 Armour
 * Level 4.0 Shields


You had 3 spell levels left.
You didn't know any spells.
Your spell library contained the following spells:

 Spells                   Type           Power      Damage    Failure   Level
 Animate Skeleton         Necr           0%         N/A       100%        1
 Apportation              Tloc           0%         N/A       100%        1
 Corona                   Hex            0%         N/A       100%        1
 Magic Dart               Conj           0%         1d3       100%        1
 Summon Small Mammal      Summ           0%         N/A       100%        1
 Searing Ray              Conj           0%         3d3       100%        2
 Dazzling Flash           Conj/Hex       0%         N/A       100%        3
 Fulminant Prism          Conj/Hex       0%         3d6       100%        4
 Iskenderun's Mystic Bla  Conj/Tloc      0%         2d3       100%        4


Dungeon Overview and Level Annotations

Branches:
Dungeon (4/15)
 Temple: D:4-7

Altars:

Shops:
D:3 ((


Message History

The hornet zombie is severely damaged.
You block the hornet zombie's attack. The hornet zombie barely misses you.
You hit the hornet zombie.
The hornet zombie is severely damaged.
The hornet zombie barely misses you.
You hit the hornet zombie.
The hornet zombie is severely damaged.
The hornet zombie hits you but does no damage.
You block the hornet zombie's attack.
You hit the hornet zombie but do no damage.
The hornet zombie is severely damaged.
The hornet zombie hits you but does no damage.
The hornet zombie hits you!
You hit the hornet zombie but do no damage.
The hornet zombie is severely damaged.
You block the hornet zombie's attack.
You hit the hornet zombie but do no damage.
The hornet zombie is severely damaged.
The hornet zombie hits you but does no damage.
The hornet zombie barely misses you.
You hit the hornet zombie.
The hornet zombie is almost destroyed.
You block the hornet zombie's attack.
The hornet zombie hits you but does no damage.
You hit the hornet zombie but do no damage.
The hornet zombie is almost destroyed.
You block the hornet zombie's attack.
Your plate armour prevents you from hitting the hornet zombie.
The hornet zombie is almost destroyed.
You block the hornet zombie's attack. The hornet zombie hits you!
* * * LOW HITPOINT WARNING * * *
You hit the hornet zombie but do no damage.
The hornet zombie is almost destroyed.
The hornet zombie hits you but does no damage. x2
You hit the hornet zombie.
The hornet zombie is almost destroyed.
The hornet zombie hits you.
* * * LOW HITPOINT WARNING * * *
The hornet zombie hits you!
You die...

#.# #..# ###.# #... ..#.#
### ##.## ## #.#.# ##.##
#>... #≈≈##
#.#.###.#.###..## ≈≈≈≈≈#
#.#.##.###.##..# .≈≈≈≈.#
#...........#..#
≈.≈....##...##.....##..##
≈≈.....Z@...##...........
≈≈##..#####..............
## ####.....######
#######


You could see a hornet zombie.

Vanquished Creatures
  2 adders (D:3)
  A worm (D:2)
  A dart slug (D:2)
  3 orcs (D:3)
  3 endoplasms
  4 giant cockroaches
  4 goblins
  11 hobgoblins
  8 jackals
  6 kobolds
  4 quokkas
  4 ball pythons
  2 bats (D:1)
  4 frilled lizards
  4 rats
61 creatures vanquished.

Notes
Turn   | Place    | Note
-------+----------+-------------------------------------------
     0 | D:1      | deletemesenpai the Hill Orc Fighter began the quest for the
                  | Orb.
     0 | D:1      | Reached XP level 1. HP: 19/19 MP: 1/1
   281 | D:1      | Reached XP level 2. HP: 22/27 MP: 2/2
   365 | D:1      | Found a faded altar of an unknown god.
   913 | D:1      | Reached XP level 3. HP: 33/33 MP: 3/3
  2085 | D:3      | Reached XP level 4. HP: 36/40 MP: 4/4
  2576 | D:3      | Found Huuptita's Antique Weapon Emporium.
  2698 | D:3      | Found Sukkas's Antique Weapon Shop.
  3082 | D:4      | HP: 2/40 [hornet zombie (5)]
  3083 | D:4      | Slain by a hornet zombie

Illustrated notes

Levels and vault maps discovered:
D:1:      dpeg_arrival_radiant, layout_basic, ebering_ecumenical_altar_ruins,
          minivault_24, minmay_liquid_box, st_stairs_9
D:2:      layout_basic
D:3:      layout_basic, serial_shops, shop, nicolae_shop_waterfront,
          nrook_loot_triangle
D:4:      kennysheep_spiral_hall, layout_loops_ring, minmay_temple_entry_fiery,
          serial_shops, nicolae_shop_trees

Skill      XL: |  1  2  3  4 |
---------------+-------------+-----
Axes           | 3 4 |  4.5
Fighting       | 4 |  4.1
Shields        | 4 |  4.0
Throwing       | |  0.1
Armour         | |  3.8

Action                   |  1- 3 |  4- 6 || total
-------------------------+-------+-------++-------
Melee: War axe           |    95 |       ||    95
       Hand axe          |    42 |    82 ||   124
Throw: Boomerang         |     1 |     3 ||     4
Armor: Scale mail        |    51 |       ||    51
       Plate armour      |    30 |    55 ||    85
Dodge: Dodged            |    47 |     9 ||    56
Block: Kite shield       |    82 |    33 ||   115

Table legend: (Time is in decaauts)
 A = Elapsed time spent in this place.
 B = Non-inter-level travel time spent in this place.
 C = Inter-level travel time spent in this place.
 D = Time resting spent in this place.
 E = Time spent auto-exploring this place.
 F = Levels seen in this place.
 G = Mean time per level.
                   A        B        C        D        E       F      G
               +--------+--------+--------+--------+--------+-----+--------+
         Total |   3179 |   3162 |     17 |    340 |   2055 |   4 |  794.8 |
       Dungeon |   3179 |   3162 |     17 |    340 |   2055 |   4 |  794.8 |
               +--------+--------+--------+--------+--------+-----+--------+

Top non-repeatable levels by time:
     D:1: 1082 daAuts
     D:3: 1011 daAuts
     D:2: 955 daAuts
     D:4: 129 daAuts
